 Dungeon Sprint DCSS version 0.28-a0-1506-g3893175d92 (webtiles) character file.

Game seed: 8247805891629820891

203 tatocazan the Shield-Bearer (level 5, -9/38 HPs)
             Began as a Gargoyle Fighter on Jan 13, 2022.
             Was an Initiate of Okawaru.
             Mangled by a two-headed ogre (15 damage)
             ... in the Dungeon (Sprint IX: "|||||||||||||||||||||||||||||").
             The game lasted 00:00:53 (232 turns).

tatocazan the Shield-Bearer (Gargoyle Fighter)       Turns: 232, Time: 00:00:54

Health: -9/38      AC: 15    Str: 22    XL:     5   Next: 81%
Magic:  5/5        EV: 10    Int:  8    God:    Okawaru [......]
Gold:   0          SH:  5    Dex:  9    Spells: 4/4 levels left

rFire   . . .      SeeInvis .   m - +2 morningstar (freeze)
rCold   . . .      Faith    .   c - +0 buckler
rNeg    + . .      Spirit   .   o - +2 ring mail
rPois   ∞          Reflect  .   (no helmet)
rElec   +          Harm     .   (no cloak)
rCorr   .          Rampage  .   q - +0 pair of gloves
Will    .....      NoTele   +   p - +0 pair of boots
Stlth   ..........              (no amulet)
HPRegen 0.12/turn               (no ring)
MPRegen 0.09/turn               (no ring)

@: mighty
A: sickness immunity, AC +4, negative energy resistance 1, electricity
resistance, torment resistance 1, petrification resistance
a: Renounce Religion


You were in the Dungeon.
You worshipped Okawaru.
Okawaru was noncommittal.
You visited 1 branch

Inventory:

Hand Weapons
 a - a +0 flail
 m - a +2 morningstar of freezing (weapon)
Armour
 b - a +0 scale mail
 c - a +0 buckler (worn)
 o - a +2 ring mail (worn)
 p - a +0 pair of boots (worn)
 q - a +0 pair of gloves (worn)
Jewellery
 n - a +3 ring of dexterity
 r - a +2 ring of protection
Wands
 l - a wand of iceblast (10)
Scrolls
 j - 2 scrolls of blinking
 k - 2 scrolls of amnesia
Potions
 e - 5 potions of curing
 f - a potion of invisibility
 g - a potion of haste
 h - 4 potions of magic
 i - 2 potions of heal wounds


   Skills:
 + Level 7.1 Fighting
 * Level 6.0 Maces & Flails
 + Level 7.1 Armour
 + Level 7.1 Shields
 + Level 0.0 Invocations


You had 4 spell levels left.
You didn't know any spells.
Your spell library was empty.

Dungeon Overview and Level Annotations

Branches:
Dungeon (1/1)

Altars:
Cheibriados
Dithmenos
Elyvilon
Fedhas
Gozag
Hepliaklqana
Kikubaaqudgha
Makhleb
Nemelex Xobeh
Okawaru
Qazlal
Ru
Sif Muna
Trog
Uskayaw
Vehumet
Wu Jian
Xom
Yredelemnul
Zin
The Shining One
Beogh
Jiyva
Lugonu


Innate Abilities, Weirdness & Mutations

You are immune to sickness and miasma.
Your stone body is resilient. (AC +4)
You are immune to poison.
You resist negative energy. (rN+)
You are resistant to electric shocks. (rElec)
You are resistant to unholy torment.
You are immune to petrification.


Message History

You see here a +0 pair of boots.
p - a +0 pair of boots You see here a +0 pair of gloves.
q - a +0 pair of gloves You start putting on your armour.
You continue putting on your +0 pair of boots. x4
You finish putting on your +0 pair of boots.
You start putting on your armour.
You continue putting on your +0 pair of gloves. x4
You finish putting on your +0 pair of gloves.
You start removing your armour.
You continue taking off your +0 scale mail. x4
You finish taking off your +0 scale mail.
You start putting on your armour.
You continue putting on your +2 ring mail. x5
You finish putting on your +2 ring mail.
r - a +2 ring of protection As you open the door, it creaks loudly!
A wraith, a wyvern, a wight and 3 two-headed ogres come into view.
The two-headed ogre shouts in stereo!
The wyvern hisses angrily.
The two-headed ogre shouts in stereo!
You feel very mighty all of a sudden.
The two-headed ogre hits you with a +0 giant club!!
You block the two-headed ogre's attack.
You take 18 damage, and have 20/38 hp.
MASSIVE DAMAGE!!
You puncture the two-headed ogre! You freeze the two-headed ogre.
The two-headed ogre is moderately wounded.
The wyvern hisses menacingly.
The two-headed ogre hits you with a +0 giant club. x2
You take 7 damage, and have 13/38 hp.
You puncture the two-headed ogre! You freeze the two-headed ogre.
The two-headed ogre is heavily wounded.
The two-headed ogre hits you with a +0 giant club!
* * * LOW HITPOINT WARNING * * *
You block the two-headed ogre's attack.
You take 7 damage, and have 6/38 hp.
You barely miss the two-headed ogre.
The two-headed ogre is heavily wounded.
The two-headed ogre hits you with a +0 giant club!
You die... ▓▓▓▓▓▓▓▓▓▓▓▓▓▓▓▓▓▓▓▓▓▓▓▓ _______'..).....@OWOlOz. ▓▓▓▓▓▓▓▓▓▓▓▓▓▓▓▓▓▓▓▓▓▓▓▓

You could see 3 two-headed ogres, a wraith, a wyvern and a wight.

Vanquished Creatures
  An ogre (D)
  A phantom (D)
  An iguana (D)
  An adder (D)
  A bat skeleton (D)
  An endoplasm (D)
  2 goblins (D)
  A kobold (D)
  A frilled lizard (D)
10 creatures vanquished.

Notes
Turn   | Place    | Note
-------+----------+-------------------------------------------
     0 | D        | tatocazan the Gargoyle Fighter began the quest for the Orb.
     0 | D        | Reached XP level 1. HP: 14/14 MP: 1/1
    47 | D        | Noticed a phantom
    47 | D        | Noticed an ogre
    47 | D        | Noticed an iguana
    54 | D        | Killed a phantom
    55 | D        | Reached skill level 5 in Fighting
    55 | D        | Reached skill level 5 in Armour
    55 | D        | Reached skill level 5 in Shields
    55 | D        | Reached XP level 2. HP: 21/21 MP: 2/2
    55 | D        | Reached XP level 3. HP: 26/26 MP: 3/3
    55 | D        | Reached XP level 4. HP: 31/31 MP: 4/4
    60 | D        | Killed an ogre
    61 | D        | Reached skill level 5 in Maces & Flails
    61 | D        | Reached XP level 5. HP: 14/37 MP: 5/5
    84 | D        | Found a snail-covered altar of Cheibriados.
    84 | D        | Found a shadowy altar of Dithmenos.
    84 | D        | Found a white marble altar of Elyvilon.
    84 | D        | Found a blossoming altar of Fedhas.
    84 | D        | Found an opulent altar of Gozag.
    85 | D        | Found a hazy altar of Hepliaklqana.
    86 | D        | Found a viscous altar of Jiyva.
    87 | D        | Found an ancient bone altar of Kikubaaqudgha.
    88 | D        | Found a corrupted altar of Lugonu.
    89 | D        | Found a burning altar of Makhleb.
    90 | D        | Found a sparkling altar of Nemelex Xobeh.
    91 | D        | Found an iron altar of Okawaru.
    92 | D        | Found a stormy altar of Qazlal.
    93 | D        | Found a sacrificial altar of Ru.
    94 | D        | Found a shimmering blue altar of Sif Muna.
    95 | D        | Found a bloodstained altar of Trog.
    96 | D        | Found a hide-covered altar of Uskayaw.
    97 | D        | Found a radiant altar of Vehumet.
    98 | D        | Found an ornate altar of the Wu Jian Council.
    99 | D        | Found a shimmering altar of Xom.
   100 | D        | Found a basalt altar of Yredelemnul.
   101 | D        | Found a glowing silver altar of Zin.
   105 | D        | Became a worshipper of Warmaster Okawaru
   173 | D        | Found a glowing golden altar of the Shining One.
   228 | D        | Noticed a two-headed ogre
   228 | D        | Noticed a wraith
   228 | D        | Noticed a two-headed ogre
   228 | D        | Noticed a wyvern
   228 | D        | Noticed a two-headed ogre
   232 | D        | Mangled by a two-headed ogre

Illustrated notes

Levels and vault maps discovered:
D:        linesprint [early_d, line_temple, items_1, d_10, items_2, lair_1,
          lair_end, items_3, orc_1, orc_end, items_4, d_15, swamp_1, shoals_1,
          snake_1, spider_1, d_20, vaults_1, items_5, swamp_end, shoals_end,
          snake_end, spider_end, vaults_end, d_27, items_6, zot_1, zot_end,
          crypt_end, forest_end, elf_end, slime_end, tomb_end, abyss_end,
          pan_hell_end]

Skill      XL: |  1  2  3  4  5 |
---------------+----------------+-----
Fighting       | 5 6 7 |  7.1
Maces & Flails | 4 5 6 |  6.0
Armour         | 5 6 7 |  7.1
Shields        | 5 6 7 |  7.1

Action                   |  1- 3 |  4- 6 || total
-------------------------+-------+-------++-------
Melee: Flail             |    19 |    21 ||    40
       Morningstar       |       |     3 ||     3
  Use: Potion            |     1 |     2 ||     3
Armor: Scale mail        |     7 |    14 ||    21
Dodge: Dodged            |     5 |    16 ||    21
Block: Buckler           |     3 |     9 ||    12

Table legend: (Time is in decaauts)
 A = Elapsed time spent in this place.
 B = Non-inter-level travel time spent in this place.
 C = Inter-level travel time spent in this place.
 D = Time resting spent in this place.
 E = Time spent auto-exploring this place.
 F = Levels seen in this place.
 G = Mean time per level.
                   A        B        C        D        E       F      G
               +--------+--------+--------+--------+--------+-----+--------+
         Total |    247 |    247 |      0 |     64 |     49 |   1 |  247.0 |
       Dungeon |    247 |    247 |      0 |     64 |     49 |   1 |  247.0 |
               +--------+--------+--------+--------+--------+-----+--------+

Top non-repeatable levels by time:
       D: 247 daAuts
